 Dungeon Crawl Stone Soup version 0.24-a0-361-g57161393b2 (webtiles) character file.

Game seed: 6575452710419121506

2683 HAL9000 the Transmogrifier (level 9, -2/71 HPs)
             Began as a Red Draconian Transmuter on May 26, 2019.
             Was a Follower of Cheibriados.
             Killed by divine providence
             ... invoked by an orc priest
              (14 damage)
             ... on level 7 of the Dungeon.
             The game lasted 00:12:28 (5624 turns).

HAL9000 the Transmogrifier (DrTm)                   Turns: 5624, Time: 00:12:29

Health: -2/71      AC: 16    Str: 15    XL:     9   Next: 37%
Magic:  7/12       EV: 12    Int: 16    God:    Cheibriados [*.....]
Gold:   299        SH:  0    Dex: 16    Spells: 1/12 levels left

rFire    + + .     SeeInvis .     - Unarmed
rCold    . . .     Gourm    .   (shield currently unavailable)
rNeg     . . .     Faith    .   (armour unavailable)
rPois    +         Spirit   .   (helmet restricted)
rElec    .         Reflect  .   t - +2 cloak {rPois}
rCorr    .         Harm     .   (gloves currently unavailable)
MR       .....                  j - +0 pair of boots
Stlth    +.........             (no amulet)
HPRegen  0.21/turn              e - ring of protection from fire
MPRegen  0.13/turn              o - +5 ring of protection

@: short of breath, blade hands (expiring), very slow
A: breathe fire, unfitting armour, fire resistance 1, cold-blooded, AC +7
a: Breathe Fire, End Transformation, Bend Time, Renounce Religion


You were on level 7 of the Dungeon.
You worshipped Cheibriados.
Cheibriados was aware of your devotion.
You were very hungry.
You had blades for hands.
You visited 2 branches of the dungeon, and saw 8 of its levels.

You collected 299 gold pieces.

Inventory:

Missiles
 a - 110 arrows
 r - 40 poisoned darts (quivered)
Armour
 j - a +0 pair of boots (worn)
 t - a +2 cloak of poison resistance (worn)
 v - a +0 buckler
 y - a +0 pair of gloves (melded)
Jewellery
 e - a ring of protection from fire (left scythe-like blade)
 o - a +5 ring of protection (right scythe-like blade)
Wands
 n - a wand of polymorph (8)
 w - a wand of flame (20)
 B - a wand of scattershot (4)
Scrolls
 d - 3 scrolls of remove curse {unknown}
 g - 3 scrolls of teleportation {unknown}
 h - 6 scrolls of identify {unknown}
 m - a scroll of fog {unknown}
 p - 2 scrolls of magic mapping {unknown}
 x - a scroll of blinking {unknown}
 A - a scroll of noise {unknown}
 C - a scroll of brand weapon {unknown}
Potions
 b - 2 potions of berserk rage {unknown}
 f - a potion of degeneration {unknown}
 i - 2 potions of curing {unknown}
 k - 3 potions of lignification {unknown}
 l - 2 potions of heal wounds {unknown}
 q - a potion of haste {unknown}
 s - a potion of flight {unknown}
 u - a potion of might {unknown}
 z - 2 potions of cancellation {unknown}
Comestibles
 c - 12 rations


   Skills:
 + Level 3.9 Fighting
 - Level 1.7 Dodging
 + Level 6.1 Unarmed Combat
 - Level 2.0 Spellcasting
 - Level 11.2 Transmutations


You had one spell level left.
You knew the following spells:

 Your Spells              Type           Power        Failure   Level  Hunger
a - Beastly Appendage     Tmut           #####.       9%          1    #......
b - Sticks to Snakes      Tmut           #####...     10%         2    ###....
c - Spider Form           Tmut/Pois      ###.......   36%         3    ###....
d - Blade Hands           Tmut           #####.....   36%         5    ######.

Your spell library contained the following spells:

 Spells                   Type           Power        Failure   Level  Hunger
 Ice Form                 Ice/Tmut       ###.....     63%         4    #####..


Dungeon Overview and Level Annotations

Branches:
Dungeon (7/15)             Temple (1/1) D:4

Altars:
Cheibriados
Dithmenos
Elyvilon
Fedhas
Gozag
Kikubaaqudgha
Makhleb
Nemelex Xobeh
Qazlal
Ru
Sif Muna
Trog
Vehumet
Wu Jian
Xom
Yredelemnul
Zin
The Shining One

Shops:
D:4 !   D:7 =


Innate Abilities, Weirdness & Mutations

You can breathe blasts of fire.
Your fiery red scales are hard. (AC +7)
You cannot fit into any form of body armour.
Your flesh is heat resistant. (rF+)
You are cold-blooded and may be slowed by cold attacks.


Message History

Beogh smites you!
* * * LOW HITPOINT WARNING * * *
You barely miss the orc warrior.
The orc warrior is lightly wounded.
Something hits you but does no damage.
The orc warrior hits you with a +0 battleaxe!
* * * LOW HITPOINT WARNING * * *
The orc misses you.
Unknown command.
You slice the orc warrior!!
You kill the orc warrior!
Cheibriados appreciates the change of pace.
Your Unarmed Combat skill increases to level 6!
Something hits you but does no damage. The orc hits you but does no damage.
Unknown command.
You hit something but do no damage.
Your tail-slap misses something.
Something hits you but does no damage.
The orc priest calls down the wrath of Beogh upon you.
Beogh smites you!
You die...

##..##...##.....##..##.[........
#####...#####..##..##o..##...?.
#....# #.##.....##...# .....
#....###.............# o...
#######∩_....#.°.....# ..o.
##....##..#....## ...
#..##.oo........# .o.
####{)o.........#.
#...@##..........
#....##._..8.._...
#....##...........
##....+.........#.
......#...........
.......##..#.......
######[.##..##......
######..##..# ...##.
#....#......+ ..#


You could see an orc priest and 2 orcs.

Vanquished Creatures
  Pikel (D:6)
  Sigmund (D:6)
  A spriggan (D:7)
  Eustachio (D:4)
  Menkaure (D:6)
  A sky beast (D:7)
  An orc warrior (D:7)
  3 slaves (D:5)
  An ogre (D:4)
  3 centaurs
  Blork the orc (D:5)
  5 bullfrogs (D:6)
  A scorpion (D:4)
  A howler monkey (D:4)
  3 crimson imps
  A jelly (D:6)
  3 hounds
  An orc wizard (D:4)
  Crazy Yiuf (D:4)
  A centaur skeleton (D:4)
  3 worker ants
  A hound zombie (D:5)
  2 worker ant zombies (D:6)
  A howler monkey skeleton (D:7)
  4 gnolls (D:7)
  7 adders
  An adder zombie (D:5)
  An adder skeleton (D:6)
  2 worms
  4 dart slugs (D:1)
  4 leopard geckos
  4 orcs
  2 ball pythons
  4 giant cockroaches
  10 goblins
  9 hobgoblins
  18 jackals
  3 quokkas
  8 bats
  6 frilled lizards
  6 kobolds
  3 rats
135 creatures vanquished.

Vanquished Creatures (collateral kills)
  An adder (D:2)
1 creature vanquished.

Grand Total: 136 creatures vanquished

Notes
Turn   | Place    | Note
-------+----------+-------------------------------------------
     0 | D:1      | HAL9000 the Draconian Transmuter began the quest for the
                  | Orb.
     0 | D:1      | Reached XP level 1. HP: 16/16 MP: 3/3
    42 | D:1      | Reached XP level 2. HP: 14/23 MP: 3/5
   250 | D:1      | Learned a level 2 spell: Sticks to Snakes
   272 | D:1      | Reached XP level 3. HP: 27/28 MP: 4/6
   779 | D:2      | Reached XP level 4. HP: 9/35 MP: 4/7
  1132 | D:2      | Learned a level 3 spell: Spider Form
  1220 | D:2      | Reached skill level 3 in Transmutations
  1676 | D:3      | Found a glowing silver altar of Zin.
  1713 | D:3      | Reached XP level 5. HP: 30/40 MP: 8/8
  1730 | D:3      | You fall into a shaft and drop 1 floor!
  1750 | D:4      | Reached skill level 4 in Transmutations
  1812 | D:4      | Noticed an ogre
  1824 | D:4      | Killed an ogre
  1824 | D:4      | Reached skill level 5 in Transmutations
  1929 | D:4      | Reached XP level 6. HP: 47/47 MP: 6/9
  1973 | D:4      | Reached skill level 6 in Transmutations
  2012 | D:4      | Found a runed translucent door.
  2013 | D:4      | Noticed Crazy Yiuf
  2119 | D:4      | Killed Crazy Yiuf
  2237 | D:4      | Found an ancient bone altar of Kikubaaqudgha.
  2237 | D:4      | Found a deep blue altar of Sif Muna.
  2247 | D:4      | Found a staircase to the Ecumenical Temple.
  2260 | Temple   | Entered the Ecumenical Temple
  2387 | D:4      | Found Deicoh's Distillery.
  2493 | D:4      | Found a sparkling altar of Nemelex Xobeh.
  2493 | D:4      | Noticed Eustachio
  2518 | D:4      | Killed Eustachio
  2518 | D:4      | Reached skill level 7 in Transmutations
  2518 | D:4      | Your scales start taking on a fiery red colour.
  2518 | D:4      | Reached XP level 7. HP: 45/52 MP: 2/10
  2518 | D:4      | Gained mutation: Your flesh is heat resistant. (rF+) [Red
                  | Draconian growth]
  2687 | D:4      | Found a snail-covered altar of Cheibriados.
  2821 | D:4      | Became a worshipper of Cheibriados the Contemplative
  2902 | D:5      | Entered Level 5 of the Dungeon
  3237 | D:5      | Reached skill level 8 in Transmutations
  3525 | D:5      | Noticed Blork the orc
  3529 | D:5      | Killed Blork the orc
  4190 | D:6      | Reached XP level 8. HP: 55/59 MP: 7/11
  4193 | D:6      | Reached skill level 9 in Transmutations
  4209 | D:6      | Noticed Menkaure
  4217 | D:6      | Killed Menkaure
  4437 | D:6      | Noticed Sigmund
  4469 | D:6      | Killed Sigmund
  4469 | D:6      | Reached * piety under Cheibriados
  4469 | D:6      | Reached skill level 10 in Transmutations
  4523 | D:6      | Learned a level 5 spell: Blade Hands
  4788 | D:6      | Found a blossoming altar of Fedhas.
  4920 | D:6      | Noticed Pikel
  4960 | D:6      | Killed Pikel
  4960 | D:6      | Reached skill level 11 in Transmutations
  4960 | D:6      | Reached XP level 9. HP: 60/70 MP: 6/12
  5309 | D:7      | Reached skill level 5 in Unarmed Combat
  5462 | D:7      | Found Hilep's Jewellery Boutique.
  5510 | D:7      | Found a shimmering altar of Xom.
  5512 | D:7      | Found a shadowy altar of Dithmenos.
  5525 | D:7      | Found a burning altar of Makhleb.
  5624 | D:7      | Killed from afar by an orc priest

Levels and vault maps discovered:
D:1:      saegor_arrival_miasma, layout_rooms
D:2:      layout_rooms
D:3:      layout_rooms, nicolae_overflow_crystal_walls,
          cheibrodos_ashenzari_chains, portal_sewer_entry_b, chequers_big_river,
          nrook_campfire, trog_book, uniq_robin
D:4:      layout_loops_cross, lemuel_doored_altar, marbit_many_paths,
          gammafunk_temple_overflow_elements, temple_statues, first_ration,
          serial_shops, nicolae_shop_crystal, st_stairs_1,
          minmay_misc_feat_room, minmay_unequal, uniq_eustachio,
          uniq_crazy_yiuf_cottage
D:5:      layout_basic, minmay_misc_feat_more_columns, item_on_display_b,
          uniq_blork_the_orc
D:6:      layout_basic, kennysheep_mini, uniq_pikel, uniq_sigmund, uniq_menkaure
D:7:      layout_gridville, makhleb_heckhound_becter,
          grunt_temple_overflow_open, serial_shops, shop, the_bakery
Temple:   nicolae_temple_figure_zero

Skill      XL: |  1  2  3  4  5  6  7  8  9 |
---------------+----------------------------+-----
Unarmed Combat | 4 6 |  6.1
Transmutations | 3 5 7 8 11 | 11.2
Fighting       | 3 |  3.9
Dodging        | |  1.7
Spellcasting   | |  2.0

Action                   |  1- 3 |  4- 6 |  7- 9 || total
-------------------------+-------+-------+-------++-------
Melee: Unarmed           |   120 |   169 |   330 ||   619
       Tailslap          |    13 |    11 |    38 ||    62
       Kick              |    11 |       |       ||    11
       Headbutt          |     2 |     8 |     1 ||    11
       Punch             |     1 |     4 |     2 ||     7
 Cast: Beastly Appendage |    12 |     7 |     2 ||    21
       Sticks to Snakes  |     1 |     3 |       ||     4
       Spider Form       |       |     5 |     7 ||    12
       Blade Hands       |       |       |     4 ||     4
 Abil: End Transformatio |       |     1 |     2 ||     3
       Breathe Fire      |       |       |     6 ||     6
 Stab: Sleeping          |       |     1 |     2 ||     3
  Eat: Chunk             |       |     6 |     9 ||    15
       Ration            |       |       |     1 ||     1
Armor: Skin              |    51 |    46 |   111 ||   208
Dodge: Dodged            |    82 |   138 |   219 ||   439

Table legend:
 A = Non-vault XP
 B = Vault XP
 C = Vault XP percentage of total XP
 D = Non-vault monster count
 E = Vault monster count
 F = Vault count percentage of total count
                 A         B        C        D         E       F
            +---------+---------+-------+---------+---------+-------
      Total |    2160 |    1674 |  43.7 |     124 |       9 |   6.8
            +---------+---------+-------+---------+---------+-------
        D:1 |      75 |       0 |   0.0 |      37 |       0 |   0.0
        D:2 |      97 |       0 |   0.0 |      26 |       0 |   0.0
        D:3 |      24 |       0 |   0.0 |      11 |       0 |   0.0
        D:4 |     559 |     243 |  30.3 |      18 |       3 |  14.3
        D:5 |     323 |      94 |  22.5 |      12 |       1 |   7.7
        D:6 |     747 |    1077 |  59.0 |      13 |       3 |  18.8
        D:7 |     335 |     260 |  43.7 |       7 |       2 |  22.2
            +---------+---------+-------+---------+---------+-------
